 Dungeon Crawl Stone Soup version 0.20.0 (webtiles) character file.

2731 Eucla the Cleaver (level 9, -7/50 HPs)
             Began as a Tengu Berserker on May 31, 2017.
             Was an Elder of Trog.
             Mangled by a red ugly thing (15 damage)
             ... on level 7 of the Dungeon.
             The game lasted 00:09:21 (7242 turns).

Eucla the Cleaver (Tengu Berserker)                 Turns: 7242, Time: 00:09:22

Health: -7/50      AC: 14    Str: 18    XL:     9   Next: 67%
Magic:  10/10      EV:  6    Int: 11    God:    Trog [****..]
Gold:   411        SH:  0    Dex: 16    Spells: 8/8 levels left

rFire    . . .     SeeInvis .   N - +0 war axe (flame)
rCold    . . .     Gourm    .   (no shield)
rNeg     . . .     Faith    .   g - +0 plate armour
rPois    +         Spirit   .   (helmet restricted)
rElec    .         Reflect  .   J - scarf {repulsion}
rCorr    .         Harm     .   F - +2 pair of gloves
MR       .....                  (boots unavailable)
Stlth    ..........             v - amulet of magic regeneration
Regen    0.2/turn               M - ring of the Duke {rPois Int+3}
MPRegen  0.2/turn               (no ring)

@: repel missiles
A: beak, talons 3, able to fly 1
a: Fly, Berserk, Trog's Hand, Brothers in Arms, Burn Spellbooks, Renounce
Religion


You were on level 7 of the Dungeon.
You worshipped Trog.
Trog was greatly pleased with you.
You were not hungry.

You visited 1 branch of the dungeon, and saw 7 of its levels.

You collected 411 gold pieces.

Inventory:

Hand Weapons
 a - a +0 hand axe
 x - a +0 hand axe of flaming
 y - a +0 hand axe of venom
 A - a +0 war axe
 D - the +5 scimitar of Urgency {venom, Int+7 SInv}
   (You found it on level 6 of the Dungeon)

   It poisons the flesh of those it strikes.
   It affects your intelligence (+7).
   It lets you see invisible.
 N - a +0 war axe of flaming (weapon)
Armour
 b - a +0 animal skin
 g - a +0 plate armour (worn)
 q - a +0 pair of gloves
 s - a +0 cloak
 u - a +0 ring mail of fire resistance
 F - a +2 pair of gloves (worn)
 J - a scarf of repulsion (worn)
Jewellery
 v - an amulet of magic regeneration (around neck)
 M - the ring of the Duke (left hand) {rPois Int+3}
   (You found it on level 7 of the Dungeon)

   [ring of poison resistance]

   It affects your intelligence (+3).
   It protects you from poison.
Wands
 t - a wand of disintegration (4/24)
 w - a wand of disintegration (1/24)
 H - a wand of iceblast (8/15)
Scrolls
 d - a scroll of enchant armour
 f - a scroll of enchant weapon {unknown}
 h - a scroll of fear
 i - a scroll of magic mapping
 r - 4 scrolls of teleportation
 B - 4 scrolls of remove curse
Potions
 e - 2 potions of ambrosia
 j - a potion of flight {unknown}
 k - a potion of haste {unknown}
 l - a potion of brilliance {unknown}
 m - a potion of degeneration
 n - a potion of cancellation
 o - 2 potions of heal wounds {unknown}
 p - 3 potions of curing
 E - a potion of lignification
Books
 C - a book of Changes

   Spells                             Type                      Level
   a - Beastly Appendage              Transmutation                1
   b - Sticks to Snakes               Transmutation                2
   c - Spider Form                    Transmutation/Poison         3
   d - Ice Form                       Ice/Transmutation            4
   e - Blade Hands                    Transmutation                5
   Trog disapproves of the use of such an item.
 K - a book of Misfortune

   Spells                             Type                      Level
   a - Confusing Touch                Hexes                        1
   b - Confuse                        Hexes                        3
   c - Gell's Gravitas                Translocation                3
   d - Petrify                        Transmutation/Earth          4
   e - Metabolic Englaciation         Hexes/Ice                    5
   f - Yara's Violent Unravelling     Hexes/Transmutation          5
   Trog disapproves of the use of such an item.
Miscellaneous
 L - a box of beasts
Comestibles
 c - 6 bread rations
 G - a meat ration


   Skills:
 - Level 3.0 Fighting
 + Level 13.9 Axes
 - Level 2.1 Armour
 - Level 2.1 Dodging


You had 8 spell levels left.
You didn't know any spells.

Dungeon Overview and Level Annotations

Branches:
Dungeon (7/15)             Temple (0/1) D:6

Altars:
Cheibriados
Fedhas
Makhleb
Nemelex Xobeh
Uskayaw
Vehumet
Zin
The Shining One

Annotations:
D:5 1 runed door
D:7 2 runed doors


Innate Abilities, Weirdness & Mutations

You have a beak for a mouth.
You have claws for feet.
You can fly.


Message History

You kill the bullfrog!
Trog accepts your kill.
A red ugly thing is nearby!
You closely miss the red ugly thing. The red ugly thing engulfs you.
You are engulfed in flames!!
Unknown command.
The red ugly thing completely misses you.
There is an open door here.
You fail to use your ability.
The red ugly thing engulfs you but does no damage.
You fail to use your ability.
The red ugly thing engulfs you but does no damage.
Your two-headed ogre goes berserk!
You feel quite a bit more hungry. The red ugly thing engulfs you.
You are engulfed in flames!
* * * LOW HITPOINT WARNING * * *
The red ugly thing engulfs you.
* * * LOW HITPOINT WARNING * * *
You are engulfed in flames!
You die...

#############
#...........##
#.#..........#
#...######...#
#..##....##@.########
##.#.####.#uO.......##
#.#.†.#.##..........#
#.#.#.##.'.##++##...#
#.#.##.#####8..8##..#
#.##$*.)# #8....8#..#
#..##**## #......#..#
#..######
#(.....#..######
#.##.)..#
#8....8#.......#


You could see a red ugly thing and a friendly two-headed ogre (berserk).

Vanquished Creatures
  A wyvern (D:7)
  A yak (D:7)
  3 sky beasts
  An ice beast (D:7)
  3 ogres
  6 bullfrogs
  A wyvern skeleton (D:6)
  2 scorpions (D:7)
  3 wights (D:7)
  2 howler monkeys
  A crimson imp (D:7)
  A quasit (D:7)
  6 orc priests
  3 hounds
  A jelly (D:7)
  2 orc wizards (D:7)
  3 iron imps (D:7)
  Jessica (D:3)
  2 iguanas (D:7)
  3 worker ants
  Ijyb (D:3)
  2 hound skeletons
  A worker ant zombie (D:6)
  17 gnolls
  12 adders
  A shadow imp (D:6)
  4 oozes
  2 adder skeletons (D:6)
  A worm (D:2)
  2 dart slugs
  8 leopard geckos
  11 orcs
  3 giant cockroaches
  6 hobgoblins
  6 quokkas
  A ball python (D:2)
  7 bats
  4 frilled lizards
  10 goblins
  2 goblin skeletons (D:7)
  3 kobolds
  4 kobold skeletons (D:7)
  2 orc zombies (D:7)
  5 rats
161 creatures vanquished.

Vanquished Creatures (others)
  A quasit (D:6)
  A leopard gecko (D:6)
  A goblin (D:6)
3 creatures vanquished.

Grand Total: 164 creatures vanquished

Notes
Turn   | Place    | Note
-------+----------+-------------------------------------------
     0 | D:1      | Eucla the Tengu Berserker began the quest for the Orb.
     0 | D:1      | Reached XP level 1. HP: 14/14 MP: 2/2
    40 | D:1      | Reached XP level 2. HP: 7/19 MP: 3/3
   310 | D:1      | Reached skill level 4 in Axes
   549 | D:1      | Reached XP level 3. HP: 2/23 MP: 4/4
  1255 | D:2      | Reached skill level 5 in Axes
  1372 | D:2      | Reached XP level 4. HP: 22/28 MP: 5/5
  1537 | D:2      | Reached ** piety under Trog
  1787 | D:3      | Found a snail-covered altar of Cheibriados.
  1909 | D:3      | Reached skill level 6 in Axes
  1909 | D:3      | Gained mutation: You can fly. [Tengu growth]
  1909 | D:3      | Reached XP level 5. HP: 32/32 MP: 6/6
  1913 | D:3      | Noticed Jessica
  1921 | D:3      | Killed Jessica
  2362 | D:3      | Noticed Ijyb
  2370 | D:3      | Killed Ijyb
  2370 | D:3      | Reached skill level 7 in Axes
  2372 | D:3      | Reached XP level 6. HP: 37/37 MP: 7/7
  2548 | D:3      | Found a radiant altar of Vehumet.
  2549 | D:3      | Found a hide-covered altar of Uskayaw.
  2876 | D:3      | Found a blossoming altar of Fedhas.
  3165 | D:4      | Reached skill level 8 in Axes
  3223 | D:4      | Reached XP level 7. HP: 19/41 MP: 8/8
  3730 | D:5      | Entered Level 5 of the Dungeon
  3819 | D:5      | Reached skill level 9 in Axes
  4054 | D:5      | Found a glowing silver altar of Zin.
  4054 | D:5      | Found a runed door.
  4054 | D:5      | Noticed an angel
  4760 | D:6      | Reached *** piety under Trog
  4760 | D:6      | Reached skill level 10 in Axes
  4845 | D:6      | Got a smoking scimitar
  4846 | D:6      | Identified the +5 scimitar of Urgency {venom, Int+7 SInv} (You found it on level 6 of the Dungeon)
  4934 | D:6      | Reached XP level 8. HP: 46/46 MP: 9/9
  5191 | D:6      | Found a staircase to the Ecumenical Temple.
  5365 | D:6      | Reached skill level 11 in Axes
  5887 | D:7      | Found a glowing golden altar of the Shining One.
  5960 | D:7      | Reached skill level 12 in Axes
  6171 | D:7      | Reached **** piety under Trog
  6180 | D:7      | Found a large runed door.
  6180 | D:7      | Found a large runed door.
  6189 | D:7      | Reached XP level 9. HP: 50/50 MP: 10/10
  6197 | D:7      | Found a large runed door.
  6197 | D:7      | Found a large runed door.
  6206 | D:7      | Reached skill level 13 in Axes
  6331 | D:7      | Got a scorched turquoise ring
  6332 | D:7      | Identified the ring of the Duke {rPois Int+3} (You found it on level 7 of the Dungeon)
  6633 | D:7      | Found a burning altar of Makhleb.
  6759 | D:7      | Found a sparkling altar of Nemelex Xobeh.
  7225 | D:7      | Noticed a red ugly thing
  7242 | D:7      | Mangled by a red ugly thing

Skill      XL: |  1  2  3  4  5  6  7  8  9 |
---------------+----------------------------+-----
Axes           | 4 5 6 7 8 10 12 13 | 13.9
Fighting       | |  3.0
Armour         | |  2.1
Dodging        | |  2.1

Action                   |  1- 3 |  4- 6 |  7- 9 || total
-------------------------+-------+-------+-------++-------
Melee: Hand axe          |    94 |   145 |   151 ||   390
       Peck              |    19 |    23 |    60 ||   102
       Kick              |    27 |    42 |    90 ||   159
       War axe           |       |       |    89 ||    89
       Scimitar          |       |       |    41 ||    41
Invok: Berserk           |       |     3 |     6 ||     9
       Brothers in Arms  |       |       |     1 ||     1
  Use: Scroll            |       |    10 |     8 ||    18
 Stab: Sleeping          |     1 |       |       ||     1
  Eat: Fruit             |     1 |     4 |     2 ||     7
       Royal jelly       |     1 |       |     2 ||     3
       Chunk             |       |     3 |     6 ||     9
       Bread ration      |       |       |     1 ||     1
       Meat ration       |       |       |     1 ||     1
Armor: Animal skin       |    16 |       |       ||    16
       Plate armour      |    32 |    97 |   188 ||   317
Dodge: Dodged            |    36 |    52 |    92 ||   180
       Rpst.: Scimitar   |       |       |     2 ||     2
